 Dungeon Crawl Stone Soup version 0.17-a0-1910-g4c791fa (webtiles) character file.

57 shakdrar the Poker (level 4, -3/34 HPs)
             Began as a Merfolk Gladiator on Sept 25, 2015.
             Slain by a gnoll
             ... wielding a +1 spear of flaming
              (5 damage)
             ... on level 2 of the Dungeon.
             The game lasted 00:07:51 (1923 turns).

shakdrar the Poker (Merfolk Gladiator)              Turns: 1923, Time: 00:07:51

Health: -3/34      AC:  4    Str: 16    XL:     4   Next: 0%
Magic:  4/4        EV: 13    Int:  7    God:
Gold:   100        SH:  3    Dex: 14    Spells: 0 memorised, 3 levels left

rFire  . . .     SeeInvis .     a - +0 trident
rCold  . . .     Clarity  .     b - +0 leather armour
rNeg   . . .     SustAt   .     m - +0 buckler
rPois  .         Gourm    .     c - +0 helmet
rElec  .         Spirit   .     (no cloak)
rCorr  .         Warding  .     (no gloves)
rMut   .         Stasis   .     (no boots)
MR     .....                    (no amulet)
Stlth  +.........               (no ring)
                                (no ring)

@: flying, not resistant to hostile enchantments, very unstealthy
A: change form in water, swift swim
a: no special abilities


You were on level 2 of the Dungeon.
You were not hungry.

You visited 1 branch of the dungeon, and saw 3 of its levels.

You collected 100 gold pieces.

Inventory:

Hand weapons
 a - a +0 trident (weapon)
Missiles
 d - 3 throwing nets (quivered)
 h - 27 poisoned needles
Armour
 b - a +0 leather armour (worn)
 c - a +0 helmet (worn)
 m - a +0 buckler (worn)
Potions
 f - a potion of curing
 g - a potion of resistance {unknown}
 k - a potion of agility
 l - a potion of flight
 o - a potion of magic {unknown}
Comestibles
 e - 3 bread rations
 i - a chunk of flesh
 j - a beef jerky
 n - a fruit


   Skills:
 + Level 2.5 Fighting
 * Level 5.5 Polearms
 + Level 2.4 Throwing
 + Level 4.7 Dodging
 + Level 0.6 Shields


You had 3 spell levels left.
You didn't know any spells.

Dungeon Overview and Level Annotations

Branches:
Dungeon (3/15)

Altars:
Fedhas
Gozag
Makhleb
Zin


Message History

You hit the gnoll.
The gnoll is lightly wounded.
The gnoll hits you with a spear of flaming.
* * * LOW HITPOINT WARNING * * *
The gnoll burns you.
* * * LOW HITPOINT WARNING * * *
Drink which item? (? for menu, Esc to quit)
You feel better.
The gnoll hits you with a spear of flaming.
* * * LOW HITPOINT WARNING * * *
The gnoll burns you.
* * * LOW HITPOINT WARNING * * *
Drink which item? (? for menu, Esc to quit)
You feel better. The gnoll hits you but does no damage.
You closely miss the gnoll.
The gnoll is lightly wounded.
The gnoll hits you with a spear of flaming!
* * * LOW HITPOINT WARNING * * *
The gnoll burns you.
You die...

##.........# #.##.#
#.........# #..#.#
#.........# ##.#.#
#.........# #.#.####
#######'#### #.#....#
#........# #......#
#........# ##.....#
#........#########.....#
#............@g....>...#
#.......######..###....#
#.......# ##.###....#
###.......#### #...#.....#
#............###...###...#
#..........####.#'########
#..........####.....###
#..........##2#_..._#A#
#..........####..)..###


You could see a gnoll.

Vanquished Creatures
  2 adders (D:2)
  2 worms (D:2)
  A giant gecko (D:2)
  An orc (D:3)
  5 bats
  2 giant cockroaches (D:2)
  6 hobgoblins
  2 giant newts (D:1)
  5 goblins
  4 kobolds (D:2)
  5 rats
35 creatures vanquished.

Notes
Turn   | Place    | Note
--------------------------------------------------------------
     0 | D:1      | shakdrar the Merfolk Gladiator began the quest for the Orb.
     0 | D:1      | Reached XP level 1. HP: 16/16 MP: 1/1
   288 | D:1      | Reached XP level 2. HP: 21/23 MP: 2/2
   967 | D:2      | Reached skill level 5 in Polearms
   984 | D:2      | Reached XP level 3. HP: 28/28 MP: 3/3
  1007 | D:2      | Found an opulent altar of Gozag.
  1026 | D:2      | Found a blossoming altar of Fedhas.
  1262 | D:2      | Found a burning altar of Makhleb.
  1264 | D:2      | Found a glowing silver altar of Zin.
  1264 | D:2      | Noticed an angel
  1265 | D:2      | Noticed a balrug
  1917 | D:2      | Reached XP level 4. HP: 17/34 MP: 4/4
  1920 | D:2      | HP: 1/34 [gnoll/spear of flaming (2)]
  1923 | D:2      | Slain by a gnoll

Vault maps used:
D:1:      lemuel_arrival_muddy, st_stairs_6
D:2:      grunt_temple_overflow_order_and_chaos_2, lemuel_crystal_altar,
          lemuel_crystal_altar, first_bread, minivault_19
D:3:      lemuel_coloured_pillars_altar

Action                   |  1- 3 |  4- 6 || total
-------------------------+-------+-------++-------
Melee: Trident           |   148 |     3 ||   151
  Use: Potion            |     4 |     2 ||     6
       Scroll            |     4 |       ||     4
 Stab: Sleeping          |     2 |       ||     2
  Eat: Chunk             |     3 |       ||     3
